 Dungeon Crawl Stone Soup version 0.21-a0-2-ge494091 (webtiles) character file.

52 tilp the Firebug (level 3, 0/26 HPs)
             Began as a Hill Orc Fire Elementalist on May 21, 2017.
             Slain by a gnoll
             ... wielding a +0 whip
              (9 damage)
             ... on level 1 of the Dungeon.
             The game lasted 00:05:49 (2118 turns).

tilp the Firebug (Hill Orc Fire Elementalist)       Turns: 2118, Time: 00:05:49

Health: 0/26       AC:  2    Str: 10    XL:     3   Next: 85%
Magic:  0/6        EV: 12    Int: 16    God:
Gold:   48         SH:  0    Dex: 11    Spells: 2/6 levels left

rFire    x . .     SeeInvis .   e - +0 dagger
rCold    + . .     Gourm    .   (no shield)
rNeg     . . .     Faith    .   a - +0 robe
rPois    .         Spirit   .   (no helmet)
rElec    .         Reflect  .   (no cloak)
rCorr    .         Harm     .   (no gloves)
MR       .....                  (no boots)
Stlth    ++........             (no amulet)
Regen    0.1/turn               f - ring of ice
MPRegen  0.1/turn               (no ring)

@: no status effects
A: no striking features
a: no special abilities


You were on level 1 of the Dungeon.
You were not hungry.

You visited 1 branch of the dungeon, and saw 2 of its levels.

You collected 48 gold pieces.

Inventory:

Hand Weapons
 e - a +0 dagger (weapon)
 i - a cursed -1 whip
Missiles
 n - 11 stones (quivered)
Armour
 a - a +0 robe (worn)
Jewellery
 f - a ring of ice (left hand)
Scrolls
 g - a scroll of amnesia {unknown}
 l - a scroll of immolation {unknown}
Potions
 h - a potion of brilliance {unknown}
 j - a potion of lignification {unknown}
 k - a potion of curing {unknown}
Books
 b - a book of Flames

   Spells                             Type                      Level
   a - Flame Tongue                   Conjuration/Fire             1
   b - Throw Flame                    Conjuration/Fire             2
   c - Conjure Flame                  Conjuration/Fire             3
   d - Inner Flame                    Hexes/Fire                   3
   e - Sticky Flame                   Conjuration/Fire             4
   f - Fireball                       Conjuration/Fire             5
Comestibles
 c - 4 bread rations
 d - 4 chunks of flesh
 m - a meat ration


   Skills:
 - Level 1.5 Dodging
 - Level 1.5 Stealth
 * Level 2.0 Spellcasting
 * Level 1.5 Conjurations
 * Level 4.4 Fire Magic


You had 2 spell levels left.
You knew the following spells:

 Your Spells              Type           Power        Failure   Level  Hunger
a - Flame Tongue          Conj/Fire      ##...        6%          1    #......
b - Conjure Flame         Conj/Fire      ##......     19%         3    ###....


Dungeon Overview and Level Annotations

Branches:
Dungeon (2/15)

Altars:
Cheibriados
Okawaru
Xom
Yredelemnul


Message History

The flame tongue hits the gnoll.
The gnoll appears unharmed.
The gnoll is lightly wounded.
The gnoll hits you with a whip.
Casting: Flame Tongue
Confirm with . or Enter, or press ? or * to list all spells.
Aiming: Flame Tongue
Press: ? - help, Shift-Dir - straight line, f/p - gnoll
Aim: a gnoll, wielding a whip (lightly wounded)
The flame tongue hits the gnoll.
The gnoll is moderately wounded.
The gnoll hits you with a whip.
Casting: Flame Tongue
Confirm with . or Enter, or press ? or * to list all spells.
Aiming: Flame Tongue
Press: ? - help, Shift-Dir - straight line, f/p - gnoll
Aim: a gnoll, wielding a whip (moderately wounded)
The flame tongue hits the gnoll.
The gnoll is severely wounded.
The gnoll hits you with a whip!
You die...

#######################
###.....................#
#...........###########.#
#......####.# ###.######
##.......# #.# #..(......
###...)....###.#########.#.######
................@g.....#.#.......
......(...#.....######...#.......
##.#.######.....# ##..#.######
#.#.# #........##### #..#.# #.#.#
#.#..........# #..#.###### #.#.#
#.#.#.######.# ##.#....... #.#.#
#.#.#.# #.# ##..####### #.#.#
#.#.#.# #.# #......#...
##.#.###.....######.#####..#.#.##


You could see a gnoll.

Vanquished Creatures
  A gnoll (D:2)
  A worm (D:2)
  3 giant cockroaches (D:1)
  5 goblins
  6 hobgoblins
  4 jackals (D:2)
  A quokka (D:2)
  4 bats (D:1)
  2 frilled lizards
  6 kobolds
  4 rats
37 creatures vanquished.

Notes
Turn   | Place    | Note
-------+----------+-------------------------------------------
     0 | D:1      | tilp the Hill Orc Fire Elementalist began the quest for the Orb.
     0 | D:1      | Reached XP level 1. HP: 14/14 MP: 3/3
   205 | D:1      | Reached XP level 2. HP: 20/20 MP: 0/4
   548 | D:1      | Reached skill level 4 in Fire Magic
  1042 | D:1      | Reached XP level 3. HP: 25/26 MP: 3/5
  1350 | D:2      | Learned a level 3 spell: Conjure Flame
  1854 | D:2      | Found a snail-covered altar of Cheibriados.
  1937 | D:2      | Found a basalt altar of Yredelemnul.
  1939 | D:2      | Found a shimmering altar of Xom.
  1942 | D:2      | Found an iron altar of Okawaru.
  2118 | D:1      | Slain by a gnoll

Vault maps used:
D:1:      moated_graveyard_arrival
D:2:      minitemple, first_bread, minmay_misc_feat_tiny

Skill      XL: |  1  2  3 |
---------------+----------+-----
Fire Magic     | 4 |  4.4
Spellcasting   | 2 |  2.0
Dodging        | |  1.5
Stealth        | |  1.5
Conjurations   | |  1.5

Action                   || total
-------------------------++-------
Melee: Dagger            ||    89
       Unarmed           ||     1
Throw: Stone             ||    11
 Cast: Flame Tongue      ||    51
       Conjure Flame     ||     1
 Stab: Sleeping          ||     2
  Eat: Chunk             ||     4
       Royal jelly       ||     1
Armor: Robe              ||    19
Dodge: Dodged            ||    61
